Thunder vs Rafales
Created - March 1, 2018 at 19:02
Goals
|
| Thunder |
1 |
2 |
2 |
5 |
| Rafales |
0 |
1 |
3 |
4 |
|
Shots
|
| Thunder |
11 |
9 |
14 |
34 |
| Rafales |
11 |
6 |
17 |
34 |
|
1st period
1. Thunder , Dany Roussin 27 (Scott Parse 15) at 16:24
Penalties :
Gianluca Curcuruto (TRO) for Holding (Minor) at 1:41, Joey Ryan (TRO) for Holding (Minor) at 16:17, Marc-André Gragnani (Stf) for Interference (Minor) at 16:22
2nd period
2. Rafales , Milan Bartovic 14 (Mike Zigomanis 46, Cody McLeod 52) at 1:51 (PP)
3. Thunder , Ryan Nugent-Hopkins 9 (Dany Roussin 42) at 2:13
4. Thunder , Jared Staal 7 (Ryan Nugent-Hopkins 38, Dany Roussin 43) at 12:40
Penalties :
Ryan Nugent-Hopkins (TRO) for Roughing (Minor) at 1:36, James Marcou (Stf) for Holding (Minor) at 8:01, Joey Ryan (TRO) for Hooking (Minor) at 12:48, Joe Labate (TRO) for Tripping (Minor) at 15:18
3rd period
5. Thunder , Scott Parse 26 (Adam Hall 30, Daultan Leveillé 37) at 2:01
6. Thunder , Scott Parse 27 (Adam Hall 31, David Fischer 38) at 2:16
7. Rafales , Mike Zigomanis 28 (Cody McLeod 53, Marc-André Gragnani 19) at 6:13
8. Rafales , Carl Klingberg 20 (Nathan Davis 31, Dylan McIlrath 9) at 10:49
9. Rafales , Cody McLeod 39 (Mike Zigomanis 47) at 10:59 (PP)
Penalties :
Adam Hall (TRO) for Interference (Minor) at 10:56, Joey Ryan (TRO) for Tripping (Minor) at 15:29
Goalie Stats
Devan Dubnyk (TRO), 30 saves from 34 shots - (0.882), W, 10-17-4, 60:00 minutes
Leland Irving (Stf), 29 saves from 34 shots - (0.853), L, 4-3-1, 58:59 minutes
Players Stats for Thunder
Player Name G A P +/- PIM S H SB GA TA FO MP PP MP PK MP
------------------------------------------------------------------------------------
Adam Hall 0 2 2 1 2 3 3 2 1 1 2/4 20:16 1:07 2:17
Austin Wuthrich 0 0 0 0 0 2 2 0 0 0 0/0 7:41 0:00 0:00
Brandon Saad 0 0 0 0 0 2 1 0 1 0 0/0 8:22 0:00 0:41
Dany Roussin 1 2 3 2 0 4 1 0 2 1 1/1 19:38 0:57 4:55
Daultan Leveillé 0 1 1 1 0 4 1 1 0 0 13/30 20:17 1:07 2:17
David Fischer 0 1 1 2 0 2 0 1 2 0 0/0 28:55 1:09 4:51
David Wolf 0 0 0 0 0 0 0 0 0 0 0/0 0:51 0:00 0:00
Gianluca Curcuruto 0 0 0 0 2 2 0 0 0 1 0/0 13:38 0:05 1:46
Jared Staal 1 0 1 1 0 3 1 0 0 0 0/0 13:31 0:52 0:00
Joe Labate 0 0 0 0 2 0 1 0 1 0 4/9 10:24 0:00 0:00
Joey Ryan 0 0 0 1 6 3 2 0 0 0 0/0 26:05 1:14 2:29
Mike Hoffman 0 0 0 0 0 0 2 2 1 0 0/0 11:57 0:00 1:31
Mikko Vainonen 0 0 0 1 0 0 0 0 0 1 0/0 12:28 0:00 0:28
Nikolay Prokhorkin 0 0 0 0 0 0 0 0 0 0 0/0 0:32 0:00 0:00
Peter Andersson 0 0 0 1 0 0 1 0 0 1 0/0 20:16 0:55 3:35
Ryan Nugent-Hopkins 1 1 2 1 2 1 2 0 1 0 3/12 13:42 0:52 0:11
Scott Parse 2 1 3 2 0 3 2 0 1 0 8/12 23:27 1:12 4:46
Thomas Spelling 0 0 0 0 0 3 0 0 0 0 0/0 10:25 0:00 0:00
Zach Redmond 0 0 0 1 0 0 1 3 0 1 0/0 19:34 0:50 3:29
Zach Stepan 0 0 0 0 0 2 0 0 0 0 2/4 7:41 0:00 0:00
Players Stats for Rafales
Player Name G A P +/- PIM S H SB GA TA FO MP PP MP PK MP
------------------------------------------------------------------------------------
Akim Aliu 0 0 0 0 0 0 0 0 0 0 0/0 0:00 0:00 0:00
Ben Thomson 0 0 0 0 0 0 0 0 0 0 0/0 0:00 0:00 0:00
Brian Ferlin 0 0 0 1 0 2 3 0 0 0 0/1 11:29 0:09 0:00
Carl Klingberg 1 0 1 1 0 5 1 0 0 0 1/1 11:06 0:09 0:10
Chris Terry 0 0 0 0 0 0 0 0 0 1 0/1 7:33 0:00 0:00
Cody McLeod 1 2 3 -3 0 7 3 1 2 0 0/1 22:09 4:48 0:43
Connor Murphy 0 0 0 -2 0 0 1 4 0 2 0/0 24:27 3:16 1:16
Dylan McIlrath 0 1 1 1 0 0 2 0 0 0 0/0 13:20 0:00 0:05
James Marcou 0 0 0 0 2 0 0 0 0 1 0/0 7:33 0:00 0:00
Jarret Stoll 0 0 0 -1 0 3 4 1 0 3 3/8 18:30 3:22 1:10
Jayson Megna 0 0 0 0 0 0 0 0 0 0 0/0 2:00 1:07 0:00
Julian Melchiori 0 0 0 -2 0 0 1 0 1 1 0/0 23:58 3:16 1:11
Kevin Veilleux 0 0 0 0 0 1 1 0 1 0 2/2 7:33 0:00 0:00
Maksim Mayorov 0 0 0 0 0 0 0 0 0 0 0/0 0:00 0:00 0:00
Marc-André Gragnani 0 1 1 0 2 4 9 1 1 0 0/0 29:28 5:02 0:48
Mark Fayne 0 0 0 -3 0 0 2 2 0 0 0/0 28:27 5:03 0:48
Michael Bournival 0 0 0 0 0 0 0 0 0 0 0/0 0:30 0:08 0:00
Mike Zigomanis 1 2 3 -4 0 4 0 1 1 0 28/47 23:09 4:48 1:07
Milan Bartovic 1 0 1 -3 0 6 2 0 0 1 0/1 21:47 4:48 0:21
Nathan Davis 0 1 1 1 0 1 4 1 0 0 5/9 10:43 0:00 0:00
Nicklas Jensen 0 0 0 0 0 0 0 0 0 0 0/0 0:00 0:00 0:00
Petr Kalus 0 0 0 0 0 1 2 0 0 0 0/0 14:51 2:23 0:00
Ryan Bourque 0 0 0 0 0 0 0 0 0 0 0/1 1:47 0:00 0:37
Stefan Chaput 0 0 0 0 0 0 0 0 0 0 0/0 0:00 0:00 0:00
Tim Crowder 0 0 0 0 0 0 1 2 0 1 0/0 15:40 3:15 0:00
3 Stars
1 - Scott Parse (TRO)
2 - Dany Roussin (TRO)
3 - Ryan Nugent-Hopkins (TRO)
Power Play
Thunder - 0 on 2 Attempt(s) - 0.00%
Rafales - 2 on 7 Attempt(s) - 28.57%
Penalty Kill
Thunder - 5 on 7 Attempt(s) - 71.43%
- Score 0 goal in Penalty Kill
Rafales - 2 on 2 Attempt(s) - 100.00%
- Score 0 goal in Penalty Kill
Team Stat
Thunder - Hits : 20 - Faceoff Wins : 33 - Blocked Shots : 9 - Penalty Minutes : 14
Rafales - Hits : 36 - Faceoff Wins : 39 - Blocked Shots : 13 - Penalty Minutes : 4
Official
Referees : L'Ecuyer Frederick and LaRue Dennis
Linesman : Jean Morin and Tim Nowak
Game Notes
Michael Bournival is injured at 2:09 of 1st period (Bruised Right Leg)
Finance
Level 1 -- Attendance: 1461 (73.05%) -- Ticket Income $58,440
Level 2 -- Attendance: 702 (70.20%) -- Ticket Income $14,040
Total Attendance: 2163 (72.10%)
Total Ticket Income: $72,480
Other Income: $3,624
Total Income: $76,104
Thunder
5 vs 5 Forward
Center Left Wing Right Wing Time % Phy DF OF
1 Daultan Leveillé Scott Parse Adam Hall 40 1 2 2
2 Ryan Nugent-Hopkins Dany Roussin Jared Staal 30 1 2 2
3 Joe Labate Mike Hoffman Thomas Spelling 20 1 2 2
4 Zach Stepan Brandon Saad Austin Wuthrich 10 1 2 2
5 vs 5 Defense
Defense Defense Time % Phy DF OF
1 David Fischer Joey Ryan 40 1 2 2
2 Zach Redmond Peter Andersson 30 1 2 2
3 Mikko Vainonen Gianluca Curcuruto 20 1 2 2
4 David Fischer Joey Ryan 10 1 2 2
PowerPlay Forward
Center Left Wing Right Wing Time % Phy DF OF
1 Daultan Leveillé Scott Parse Adam Hall 60 1 2 2
2 Ryan Nugent-Hopkins Dany Roussin Jared Staal 40 1 2 2
PowerPlay Defense
Defense Defense Time % Phy DF OF
1 David Fischer Joey Ryan 60 1 2 2
2 Zach Redmond Peter Andersson 40 1 2 2
Penalty Kill 4 Players Forward
Center Wing Time % Phy DF OF
1 Scott Parse Dany Roussin 60 1 2 2
2 Adam Hall Daultan Leveillé 40 1 2 2
Penalty Kill 4 Players Defense
Defense Defense Time % Phy DF OF
1 David Fischer Joey Ryan 60 1 2 2
2 Zach Redmond Peter Andersson 40 1 2 2
Penalty Kill - 3 Players Forward
Forward Time % Phy DF OF
1 Scott Parse 60 1 2 2
2 Dany Roussin 40 1 2 2
Penalty Kill - 3 Players Defense
Defense Defense Time % Phy DF OF
1 David Fischer Joey Ryan 60 1 2 2
2 Zach Redmond Peter Andersson 40 1 2 2
4 vs 4 Forward
Center Wing Time % Phy DF OF
1 Scott Parse Dany Roussin 60 1 2 2
2 Adam Hall Daultan Leveillé 40 1 2 2
4 vs 4 Defense
Defense Defense Time % Phy DF OF
1 David Fischer Joey Ryan 60 1 2 2
2 Zach Redmond Peter Andersson 40 1 2 2
Last Minutes Offensive
Center Left Wing Right Wing Defense Defense
Daultan Leveillé Scott Parse Adam Hall David Fischer Joey Ryan
Last Minutes Defensive
Center Left Wing Right Wing Defense Defense
Daultan Leveillé Scott Parse Adam Hall David Fischer Joey Ryan
Goaltenders
Starting : Devan Dubnyk
Backup : Jake Allen
Extra Forwards
Normal : David Wolf, Nikolay Prokhorkin, Mike Hoffman - PP : David Wolf, Nikolay Prokhorkin - PK : Mike Hoffman
Extra Defensemen
Normal : Mikko Vainonen, Gianluca Curcuruto, Zach Redmond - PP : Mikko Vainonen - PK : Gianluca Curcuruto, Zach Redmond
Penalty Shots
Scott Parse, Dany Roussin, Adam Hall, Daultan Leveillé, Mike Hoffman
Scratches
Connor Hellebyuk (Healthy), Niklas Treutle (Healthy)
Rafales
5 vs 5 Forward
Center Left Wing Right Wing Time % Phy DF OF
1 Mike Zigomanis Cody McLeod Milan Bartovic 40 1 2 2
2 Jarret Stoll Michael Bournival Tim Crowder 30 1 2 2
3 Nathan Davis Carl Klingberg Brian Ferlin 20 1 2 2
4 Kevin Veilleux Chris Terry James Marcou 10 1 2 2
5 vs 5 Defense
Defense Defense Time % Phy DF OF
1 Marc-André Gragnani Mark Fayne 40 1 2 2
2 Julian Melchiori Connor Murphy 30 1 2 2
3 Dylan McIlrath Marc-André Gragnani 20 1 2 2
4 Mark Fayne Julian Melchiori 10 1 2 2
PowerPlay Forward
Center Left Wing Right Wing Time % Phy DF OF
1 Mike Zigomanis Cody McLeod Milan Bartovic 60 1 2 2
2 Jarret Stoll Michael Bournival Tim Crowder 40 1 2 2
PowerPlay Defense
Defense Defense Time % Phy DF OF
1 Marc-André Gragnani Mark Fayne 60 1 2 2
2 Julian Melchiori Connor Murphy 40 1 2 2
Penalty Kill 4 Players Forward
Center Wing Time % Phy DF OF
1 Mike Zigomanis Jarret Stoll 60 1 2 2
2 Cody McLeod Milan Bartovic 40 1 2 2
Penalty Kill 4 Players Defense
Defense Defense Time % Phy DF OF
1 Marc-André Gragnani Mark Fayne 60 1 2 2
2 Julian Melchiori Connor Murphy 40 1 2 2
Penalty Kill - 3 Players Forward
Forward Time % Phy DF OF
1 Mike Zigomanis 60 1 2 2
2 Jarret Stoll 40 1 2 2
Penalty Kill - 3 Players Defense
Defense Defense Time % Phy DF OF
1 Marc-André Gragnani Mark Fayne 60 1 2 2
2 Julian Melchiori Connor Murphy 40 1 2 2
4 vs 4 Forward
Center Wing Time % Phy DF OF
1 Mike Zigomanis Jarret Stoll 60 1 2 2
2 Cody McLeod Milan Bartovic 40 1 2 2
4 vs 4 Defense
Defense Defense Time % Phy DF OF
1 Marc-André Gragnani Mark Fayne 60 1 2 2
2 Julian Melchiori Connor Murphy 40 1 2 2
Last Minutes Offensive
Center Left Wing Right Wing Defense Defense
Mike Zigomanis Cody McLeod Milan Bartovic Marc-André Gragnani Mark Fayne
Last Minutes Defensive
Center Left Wing Right Wing Defense Defense
Mike Zigomanis Cody McLeod Milan Bartovic Marc-André Gragnani Mark Fayne
Goaltenders
Starting : Leland Irving
Backup : Philipp Grubauer
Extra Forwards
Normal : Petr Kalus, Jayson Megna, Ryan Bourque - PP : Petr Kalus, Jayson Megna - PK : Ryan Bourque
Extra Defensemen
Normal : Dylan McIlrath, Connor Murphy, Marc-André Gragnani - PP : Dylan McIlrath - PK : Connor Murphy, Marc-André Gragnani
Penalty Shots
Mike Zigomanis, Jarret Stoll, Cody McLeod, Milan Bartovic, Nathan Davis
Scratches
Ben Sexton (Healthy), Cedric Paquette (Healthy), Ben Johnson (Healthy), Slater Koekkoek (Healthy), Brad Ross (Healthy)
David Broll (Healthy), Dennis Persson (Healthy), Chris Driedger (Healthy)
% Time on Ice - Thunder
Lines # - Real PCT - Wanted PCT - Time Play
Normal Forward
1 - 33% - 40% - 15:27
2 - 28% - 30% - 13:00
3 - 22% - 20% - 10:25
4 - 17% - 10% - 7:41
Normal Defense
1 - 41% - 40% - 19:06
2 - 31% - 30% - 14:31
3 - 23% - 20% - 10:32
4 - 5% - 10% - 2:24
PP Forward
1 - 58% - 60% - 1:12
2 - 42% - 40% - 0:52
PP Defense
1 - 60% - 60% - 1:14
2 - 40% - 40% - 0:50
PK Forward
1 - 73% - 60% - 6:02
2 - 27% - 40% - 2:17
PK Defense
1 - 64% - 60% - 5:19
2 - 36% - 40% - 3:00
PK3 Forward
1 - 0% - 60%
2 - 0% - 40%
PK3 Defense
1 - 0% - 60%
2 - 0% - 40%
44 Forward
1 - 75% - 60% - 1:25
2 - 25% - 40% - 0:29
44 Defense
1 - 69% - 60% - 1:19
2 - 31% - 40% - 0:35
Last Minute Offensive - 0:00
Last Minute Defensive - 1:10
Total
Forward - 60:00
Defense - 60:00
|
% Time on Ice - Rafales
Lines # - Real PCT - Wanted PCT - Time Play
Normal Forward
1 - 34% - 40% - 15:38
2 - 27% - 30% - 12:42
3 - 23% - 20% - 10:43
4 - 16% - 10% - 7:33
Normal Defense
1 - 33% - 40% - 15:22
2 - 32% - 30% - 15:02
3 - 23% - 20% - 10:56
4 - 11% - 10% - 5:16
PP Forward
1 - 58% - 60% - 4:48
2 - 42% - 40% - 3:31
PP Defense
1 - 61% - 60% - 5:03
2 - 39% - 40% - 3:16
PK Forward
1 - 83% - 60% - 1:43
2 - 17% - 40% - 0:21
PK Defense
1 - 43% - 60% - 0:53
2 - 57% - 40% - 1:11
PK3 Forward
1 - 0% - 60%
2 - 0% - 40%
PK3 Defense
1 - 0% - 60%
2 - 0% - 40%
44 Forward
1 - 76% - 60% - 1:27
2 - 24% - 40% - 0:27
44 Defense
1 - 74% - 60% - 1:24
2 - 26% - 40% - 0:30
Last Minute Offensive - 1:07
Last Minute Defensive - 0:00
Total
Forward - 60:00
Defense - 60:00
|
Play by Play
1st period
0:01 of 1st period - Daultan Leveillé wins face-off versus Mike Zigomanis in neutral zone.
0:06 of 1st period - Wrist shot by Adam Hall.
0:06 of 1st period - Shot Blocked by Cody McLeod.
0:56 of 1st period - Wrist shot by Carl Klingberg.
0:56 of 1st period - Stopped by Devan Dubnyk without a rebound.
0:57 of 1st period - Zach Stepan wins face-off versus Chris Terry in Thunder zone.
1:41 of 1st period - Minor Penalty to Gianluca Curcuruto for Holding.
1:42 of 1st period - Scott Parse wins face-off versus Cody McLeod in Thunder zone.
1:54 of 1st period - Snap shot by Cody McLeod.
1:54 of 1st period - Stopped by Devan Dubnyk with a rebound.
1:56 of 1st period - Slapshot by Julian Melchiori.
1:56 of 1st period - Shot Misses the Net.
1:58 of 1st period - Wrist shot by Connor Murphy.
1:58 of 1st period - Shot Misses the Net.
2:08 of 1st period - Michael Bournival is hit by Adam Hall and loses puck.
2:09 of 1st period - Michael Bournival from Rafales is injured at 2:09 of 1st period (Bruised Right Leg).
2:10 of 1st period - Mike Zigomanis wins face-off versus Scott Parse in Rafales zone.
2:21 of 1st period - Snap shot by Milan Bartovic.
2:21 of 1st period - Stopped by Devan Dubnyk with a rebound.
2:25 of 1st period - Snap shot by Cody McLeod.
2:25 of 1st period - Stopped by Devan Dubnyk without a rebound.
2:26 of 1st period - Jarret Stoll wins face-off versus Adam Hall in Thunder zone.
2:29 of 1st period - Wrist shot by Jarret Stoll.
2:29 of 1st period - Shot Blocked by Adam Hall.
3:07 of 1st period - Snap shot by Cody McLeod.
3:07 of 1st period - Shot Misses the Net.
3:09 of 1st period - Slapshot by Mark Fayne.
3:09 of 1st period - Shot Blocked by Daultan Leveillé.
3:11 of 1st period - Slapshot by Marc-André Gragnani.
3:11 of 1st period - Stopped by Devan Dubnyk with a rebound.
3:13 of 1st period - Snap shot by Marc-André Gragnani.
3:13 of 1st period - Shot Blocked by Zach Redmond.
3:15 of 1st period - Slapshot by Marc-André Gragnani.
3:15 of 1st period - Stopped by Devan Dubnyk without a rebound.
3:16 of 1st period - Mike Zigomanis wins face-off versus Scott Parse in Thunder zone.
3:41 of 1st period - Penalty to Gianluca Curcuruto is over, Gianluca Curcuruto is back on ice.
3:52 of 1st period - Petr Kalus is hit by Daultan Leveillé and loses puck.
3:57 of 1st period - Wrist shot by Daultan Leveillé.
3:57 of 1st period - Deflect By Adam Hall.
3:57 of 1st period - Shot Misses the Net.
3:57 of 1st period - Puck is out of play.
3:58 of 1st period - Ryan Nugent-Hopkins wins face-off versus Nathan Davis in Rafales zone.
4:25 of 1st period - Daultan Leveillé is hit by Marc-André Gragnani and loses puck.
4:52 of 1st period - Mark Fayne is hit by Joe Labate and loses puck.
5:55 of 1st period - Snap shot by Dany Roussin.
5:55 of 1st period - Deflect By Ryan Nugent-Hopkins.
5:55 of 1st period - Shot Misses the Net.
5:55 of 1st period - Puck is out of play.
5:56 of 1st period - Mike Zigomanis wins face-off versus Joe Labate in Rafales zone.
6:01 of 1st period - Snap shot by Cody McLeod.
6:01 of 1st period - Shot Blocked by Mike Hoffman.
6:06 of 1st period - Off-side.
6:07 of 1st period - Adam Hall wins face-off versus Milan Bartovic in neutral zone.
6:34 of 1st period - David Fischer is hit by Marc-André Gragnani and loses puck.
6:41 of 1st period - Wrist shot by Brian Ferlin.
6:41 of 1st period - Stopped by Devan Dubnyk without a rebound.
6:42 of 1st period - Jarret Stoll wins face-off versus Ryan Nugent-Hopkins in Thunder zone.
7:32 of 1st period - Mike Hoffman is hit by Marc-André Gragnani and loses puck.
8:05 of 1st period - Slapshot by Scott Parse.
8:05 of 1st period - Stopped by Leland Irving without a rebound.
8:06 of 1st period - Mike Zigomanis wins face-off versus Ryan Nugent-Hopkins in Rafales zone.
8:31 of 1st period - David Fischer is hit by Jarret Stoll and loses puck.
8:41 of 1st period - Off-side.
8:42 of 1st period - Mike Zigomanis wins face-off versus Ryan Nugent-Hopkins in neutral zone.
9:11 of 1st period - Snap shot by Tim Crowder.
9:11 of 1st period - Deflect By Jarret Stoll.
9:11 of 1st period - Shot Blocked by Zach Redmond.
9:11 of 1st period - Puck is out of play.
9:12 of 1st period - Daultan Leveillé wins face-off versus Jarret Stoll in Thunder zone.
9:12 of 1st period - Daultan Leveillé is hit by Connor Murphy.
9:18 of 1st period - Wrist shot by Daultan Leveillé.
9:18 of 1st period - Stopped by Leland Irving without a rebound.
9:19 of 1st period - Daultan Leveillé wins face-off versus Mike Zigomanis in Rafales zone.
9:20 of 1st period - Wrist shot by Adam Hall.
9:20 of 1st period - Stopped by Leland Irving with a rebound.
9:22 of 1st period - Snap shot by Scott Parse.
9:22 of 1st period - Shot Blocked by Marc-André Gragnani.
9:24 of 1st period - Slapshot by Joey Ryan.
9:24 of 1st period - Shot Misses the Net.
9:28 of 1st period - Wrist shot by Daultan Leveillé.
9:28 of 1st period - Shot Misses the Net.
9:30 of 1st period - Snap shot by Joey Ryan.
9:30 of 1st period - Stopped by Leland Irving without a rebound.
9:31 of 1st period - Mike Zigomanis wins face-off versus Daultan Leveillé in Rafales zone.
9:46 of 1st period - Slapshot by Adam Hall.
9:46 of 1st period - Stopped by Leland Irving with a rebound.
10:25 of 1st period - Wrist shot by Joey Ryan.
10:25 of 1st period - Shot Blocked by Tim Crowder.
10:27 of 1st period - Wrist shot by Joey Ryan.
10:27 of 1st period - Shot Blocked by Connor Murphy.
11:03 of 1st period - Slapshot by Cody McLeod.
11:03 of 1st period - Stopped by Devan Dubnyk with a rebound.
11:25 of 1st period - Snap shot by Brian Ferlin.
11:25 of 1st period - Stopped by Devan Dubnyk with a rebound.
11:39 of 1st period - Mikko Vainonen is hit by Petr Kalus and loses puck.
12:04 of 1st period - Wrist shot by Brandon Saad.
12:04 of 1st period - Shot Misses the Net.
12:06 of 1st period - Wrist shot by Zach Stepan.
12:06 of 1st period - Stopped by Leland Irving with a rebound.
12:08 of 1st period - Slapshot by Brandon Saad.
12:08 of 1st period - Deflect By Mike Zigomanis.
12:08 of 1st period - Shot Misses the Net.
12:08 of 1st period - Puck is out of play.
12:09 of 1st period - Nathan Davis wins face-off versus Daultan Leveillé in Rafales zone.
12:24 of 1st period - David Fischer is hit by Marc-André Gragnani and loses puck.
13:15 of 1st period - Slapshot by Jarret Stoll.
13:15 of 1st period - Stopped by Devan Dubnyk with a rebound.
13:17 of 1st period - Slapshot by Julian Melchiori.
13:17 of 1st period - Shot Misses the Net.
13:39 of 1st period - Slapshot by Austin Wuthrich.
13:39 of 1st period - Deflect By Brandon Saad.
13:39 of 1st period - Shot Misses the Net.
13:39 of 1st period - Puck is out of play.
13:40 of 1st period - Daultan Leveillé wins face-off versus Mike Zigomanis in Rafales zone.
14:48 of 1st period - Nathan Davis is hit by Scott Parse and loses puck.
15:12 of 1st period - Wrist shot by Thomas Spelling.
15:12 of 1st period - Shot Blocked by Mark Fayne.
15:26 of 1st period - Slapshot by Brandon Saad.
15:26 of 1st period - Stopped by Leland Irving without a rebound.
15:27 of 1st period - Kevin Veilleux wins face-off versus Zach Stepan in Rafales zone.
16:04 of 1st period - Off-side.
16:05 of 1st period - Mike Zigomanis wins face-off versus Daultan Leveillé in neutral zone.
16:17 of 1st period - Minor Penalty to Joey Ryan for Holding.
16:18 of 1st period - Scott Parse wins face-off versus Mike Zigomanis in Thunder zone.
16:22 of 1st period - Minor Penalty to Marc-André Gragnani for Interference.
16:23 of 1st period - Scott Parse wins face-off versus Mike Zigomanis in Rafales zone.
16:24 of 1st period - Snap shot by Dany Roussin.
16:24 of 1st period - Goal by Dany Roussin - Thunder : 1 - Rafales : 0.
16:25 of 1st period - Scott Parse wins face-off versus Mike Zigomanis in neutral zone.
17:55 of 1st period - David Fischer is hit by Mark Fayne and loses puck.
18:00 of 1st period - Snap shot by Petr Kalus.
18:00 of 1st period - Stopped by Devan Dubnyk with a rebound.
18:17 of 1st period - Penalty to Joey Ryan is over, Joey Ryan is back on ice.
18:22 of 1st period - Penalty to Marc-André Gragnani is over, Marc-André Gragnani is back on ice.
18:50 of 1st period - Wrist shot by Dany Roussin.
18:50 of 1st period - Stopped by Leland Irving with a rebound.
18:52 of 1st period - Wrist shot by Joey Ryan.
18:52 of 1st period - Shot Blocked by Jarret Stoll.
18:54 of 1st period - Snap shot by Gianluca Curcuruto.
18:54 of 1st period - Stopped by Leland Irving without a rebound.
18:55 of 1st period - Joe Labate wins face-off versus Nathan Davis in Rafales zone.
18:56 of 1st period - Wrist shot by Thomas Spelling.
18:56 of 1st period - Stopped by Leland Irving without a rebound.
18:57 of 1st period - Carl Klingberg wins face-off versus Joe Labate in Rafales zone.
18:57 of 1st period - Carl Klingberg is hit by Joey Ryan.
19:59 of 1st period - Zach Redmond is hit by Jarret Stoll and loses puck.
Goals for this period are 1 for Thunder vs 0 for Rafales.
Shots for this period are 11 for Thunder vs 11 for Rafales.
2nd period
0:01 of 2nd period - Mike Zigomanis wins face-off versus Daultan Leveillé in neutral zone.
0:03 of 2nd period - Off-side.
0:04 of 2nd period - Mike Zigomanis wins face-off versus Daultan Leveillé in neutral zone.
0:17 of 2nd period - Slapshot by Marc-André Gragnani.
0:17 of 2nd period - Stopped by Devan Dubnyk with a rebound.
0:19 of 2nd period - Slapshot by Cody McLeod.
0:19 of 2nd period - Shot Blocked by Adam Hall.
0:43 of 2nd period - Backhand shot by Daultan Leveillé.
0:43 of 2nd period - Stopped by Leland Irving with a rebound.
0:49 of 2nd period - Joey Ryan is hit by Brian Ferlin.
1:19 of 2nd period - Slapshot by Daultan Leveillé.
1:19 of 2nd period - Stopped by Leland Irving without a rebound.
1:20 of 2nd period - Mike Zigomanis wins face-off versus Ryan Nugent-Hopkins in Rafales zone.
1:36 of 2nd period - Minor Penalty to Ryan Nugent-Hopkins for Roughing.
1:37 of 2nd period - Scott Parse wins face-off versus Mike Zigomanis in Thunder zone.
1:47 of 2nd period - Wrist shot by Cody McLeod.
1:47 of 2nd period - Shot Blocked by Zach Redmond.
1:49 of 2nd period - Snap shot by Mike Zigomanis.
1:49 of 2nd period - Stopped by Devan Dubnyk with a rebound.
1:51 of 2nd period - Wrist shot by Mike Zigomanis.
1:51 of 2nd period - Deflect By Milan Bartovic.
1:51 of 2nd period - Goal by Milan Bartovic - Thunder : 1 - Rafales : 1.
1:52 of 2nd period - Ryan Nugent-Hopkins wins face-off versus Mike Zigomanis in neutral zone.
1:55 of 2nd period - Cody McLeod is hit by Dany Roussin and loses puck.
2:00 of 2nd period - Snap shot by Dany Roussin.
2:00 of 2nd period - Stopped by Leland Irving without a rebound.
2:01 of 2nd period - Mike Zigomanis wins face-off versus Ryan Nugent-Hopkins in Rafales zone.
2:13 of 2nd period - Snap shot by Ryan Nugent-Hopkins.
2:13 of 2nd period - Goal by Ryan Nugent-Hopkins - Thunder : 2 - Rafales : 1.
2:14 of 2nd period - Jarret Stoll wins face-off versus Daultan Leveillé in neutral zone.
2:24 of 2nd period - Wrist shot by Jarret Stoll.
2:24 of 2nd period - Stopped by Devan Dubnyk without a rebound.
2:25 of 2nd period - Dany Roussin wins face-off versus Mike Zigomanis in Thunder zone.
2:25 of 2nd period - Dany Roussin is hit by Milan Bartovic.
3:19 of 2nd period - Julian Melchiori is hit by Joey Ryan and loses puck.
3:56 of 2nd period - Chris Terry is hit by Ryan Nugent-Hopkins and loses puck.
4:05 of 2nd period - Chris Terry is hit by Jared Staal.
4:13 of 2nd period - David Fischer is hit by Kevin Veilleux.
5:16 of 2nd period - Snap shot by Nathan Davis.
5:16 of 2nd period - Shot Misses the Net.
5:26 of 2nd period - Gianluca Curcuruto is hit by Jarret Stoll and loses puck.
5:45 of 2nd period - Snap shot by Austin Wuthrich.
5:45 of 2nd period - Stopped by Leland Irving with a rebound.
5:47 of 2nd period - Backhand shot by Brandon Saad.
5:47 of 2nd period - Shot Blocked by Connor Murphy.
6:03 of 2nd period - Wrist shot by Brandon Saad.
6:03 of 2nd period - Stopped by Leland Irving with a rebound.
6:05 of 2nd period - Snap shot by Zach Stepan.
6:05 of 2nd period - Stopped by Leland Irving without a rebound.
6:06 of 2nd period - Mike Zigomanis wins face-off versus Daultan Leveillé in Rafales zone.
6:06 of 2nd period - Mike Zigomanis is hit by Adam Hall.
6:24 of 2nd period - Zach Redmond is hit by Marc-André Gragnani and loses puck.
6:45 of 2nd period - Wrist shot by Ryan Nugent-Hopkins.
6:45 of 2nd period - Shot Misses the Net.
6:47 of 2nd period - Wrist shot by Peter Andersson.
6:47 of 2nd period - Deflect By Jared Staal.
6:47 of 2nd period - Shot Blocked by Tim Crowder.
6:47 of 2nd period - Puck is out of play.
6:48 of 2nd period - Nathan Davis wins face-off versus Joe Labate in Rafales zone.
7:35 of 2nd period - Mikko Vainonen is hit by Mark Fayne and loses puck.
8:01 of 2nd period - Minor Penalty to James Marcou for Holding.
8:02 of 2nd period - Mike Zigomanis wins face-off versus Adam Hall in Rafales zone.
8:02 of 2nd period - Mike Zigomanis is hit by Adam Hall.
9:52 of 2nd period - Icing by David Fischer.
9:53 of 2nd period - Daultan Leveillé wins face-off versus Ryan Bourque in Thunder zone.
10:01 of 2nd period - Penalty to James Marcou is over, James Marcou is back on ice.
10:14 of 2nd period - Joey Ryan is hit by Dylan McIlrath and loses puck.
10:25 of 2nd period - Icing by Zach Redmond.
10:26 of 2nd period - Joe Labate wins face-off versus Nathan Davis in Thunder zone.
10:42 of 2nd period - Peter Andersson is hit by Brian Ferlin and loses puck.
10:52 of 2nd period - Off-side.
10:53 of 2nd period - Mike Zigomanis wins face-off versus Daultan Leveillé in neutral zone.
11:06 of 2nd period - Snap shot by Milan Bartovic.
11:06 of 2nd period - Stopped by Devan Dubnyk with a rebound.
11:45 of 2nd period - Zach Redmond is hit by Nathan Davis and loses puck.
11:54 of 2nd period - Wrist shot by Carl Klingberg.
11:54 of 2nd period - Stopped by Devan Dubnyk without a rebound.
11:55 of 2nd period - Zach Stepan wins face-off versus Mike Zigomanis in Thunder zone.
11:55 of 2nd period - Zach Stepan is hit by Cody McLeod.
12:01 of 2nd period - Brandon Saad is hit by Cody McLeod and loses puck.
12:20 of 2nd period - Mikko Vainonen is hit by Marc-André Gragnani and loses puck.
12:28 of 2nd period - Off-side.
12:29 of 2nd period - Mike Zigomanis wins face-off versus Ryan Nugent-Hopkins in neutral zone.
12:38 of 2nd period - Snap shot by Ryan Nugent-Hopkins.
12:38 of 2nd period - Shot Misses the Net.
12:40 of 2nd period - Snap shot by Jared Staal.
12:40 of 2nd period - Goal by Jared Staal - Thunder : 3 - Rafales : 1.
12:41 of 2nd period - Mike Zigomanis wins face-off versus Daultan Leveillé in neutral zone.
12:48 of 2nd period - Minor Penalty to Joey Ryan for Hooking.
12:49 of 2nd period - Scott Parse wins face-off versus Mike Zigomanis in Thunder zone.
13:09 of 2nd period - Dany Roussin is hit by Marc-André Gragnani and loses puck.
13:37 of 2nd period - Wrist shot by Adam Hall.
13:37 of 2nd period - Shot Blocked by Mike Zigomanis.
13:39 of 2nd period - Slapshot by Daultan Leveillé.
13:39 of 2nd period - Stopped by Leland Irving without a rebound.
13:40 of 2nd period - Adam Hall wins face-off versus Jarret Stoll in Rafales zone.
14:48 of 2nd period - Penalty to Joey Ryan is over, Joey Ryan is back on ice.
14:51 of 2nd period - Wrist shot by Daultan Leveillé.
14:51 of 2nd period - Deflect By Adam Hall.
14:51 of 2nd period - Shot Blocked by Mark Fayne.
14:51 of 2nd period - Puck is out of play.
14:52 of 2nd period - Joe Labate wins face-off versus Nathan Davis in Rafales zone.
15:18 of 2nd period - Minor Penalty to Joe Labate for Tripping.
15:19 of 2nd period - Mike Zigomanis wins face-off versus Scott Parse in Thunder zone.
15:29 of 2nd period - Wrist shot by Cody McLeod.
15:29 of 2nd period - Deflect By Scott Parse.
15:29 of 2nd period - Shot Misses the Net.
15:29 of 2nd period - Puck is out of play.
15:30 of 2nd period - Scott Parse wins face-off versus Mike Zigomanis in Thunder zone.
16:03 of 2nd period - Adam Hall is hit by Marc-André Gragnani and loses puck.
17:18 of 2nd period - Penalty to Joe Labate is over, Joe Labate is back on ice.
17:38 of 2nd period - Brandon Saad is hit by Carl Klingberg and loses puck.
18:38 of 2nd period - Joey Ryan is hit by Nathan Davis and loses puck.
19:20 of 2nd period - Icing by Milan Bartovic.
19:21 of 2nd period - Mike Zigomanis wins face-off versus Ryan Nugent-Hopkins in Rafales zone.
19:21 of 2nd period - Mike Zigomanis is hit by Peter Andersson.
19:30 of 2nd period - Icing by Zach Redmond.
19:31 of 2nd period - Nathan Davis wins face-off versus Ryan Nugent-Hopkins in Thunder zone.
Goals for this period are 2 for Thunder vs 1 for Rafales.
Shots for this period are 9 for Thunder vs 6 for Rafales.
3rd period
0:01 of 3rd period - Daultan Leveillé wins face-off versus Mike Zigomanis in neutral zone.
0:30 of 3rd period - Slapshot by Tim Crowder.
0:30 of 3rd period - Shot Misses the Net.
0:56 of 3rd period - Wrist shot by Chris Terry.
0:56 of 3rd period - Shot Misses the Net.
1:02 of 3rd period - Slapshot by David Fischer.
1:02 of 3rd period - Stopped by Leland Irving with a rebound.
1:10 of 3rd period - Wrist shot by Dany Roussin.
1:10 of 3rd period - Stopped by Leland Irving with a rebound.
1:12 of 3rd period - Slapshot by Jared Staal.
1:12 of 3rd period - Stopped by Leland Irving with a rebound.
1:14 of 3rd period - Slapshot by Ryan Nugent-Hopkins.
1:14 of 3rd period - Shot Misses the Net.
1:16 of 3rd period - Wrist shot by Ryan Nugent-Hopkins.
1:16 of 3rd period - Shot Misses the Net.
1:18 of 3rd period - Snap shot by Ryan Nugent-Hopkins.
1:18 of 3rd period - Shot Blocked by Connor Murphy.
1:20 of 3rd period - Snap shot by David Fischer.
1:20 of 3rd period - Shot Misses the Net.
1:22 of 3rd period - Snap shot by Jared Staal.
1:22 of 3rd period - Stopped by Leland Irving without a rebound.
1:23 of 3rd period - Daultan Leveillé wins face-off versus Mike Zigomanis in Rafales zone.
1:39 of 3rd period - Off-side.
1:40 of 3rd period - Joe Labate wins face-off versus Jarret Stoll in neutral zone.
1:51 of 3rd period - Off-side.
1:52 of 3rd period - Daultan Leveillé wins face-off versus Mike Zigomanis in neutral zone.
2:01 of 3rd period - Slapshot by Scott Parse.
2:01 of 3rd period - Goal by Scott Parse - Thunder : 4 - Rafales : 1.
2:02 of 3rd period - Mike Zigomanis wins face-off versus Daultan Leveillé in neutral zone.
2:16 of 3rd period - Wrist shot by Scott Parse.
2:16 of 3rd period - Goal by Scott Parse - Thunder : 5 - Rafales : 1.
2:17 of 3rd period - Daultan Leveillé wins face-off versus Mike Zigomanis in neutral zone.
2:46 of 3rd period - Icing by Cody McLeod.
2:47 of 3rd period - Mike Zigomanis wins face-off versus Joe Labate in Rafales zone.
2:56 of 3rd period - Snap shot by Mike Hoffman.
2:56 of 3rd period - Shot Misses the Net.
3:38 of 3rd period - Wrist shot by Cody McLeod.
3:38 of 3rd period - Stopped by Devan Dubnyk with a rebound.
3:40 of 3rd period - Snap shot by Milan Bartovic.
3:40 of 3rd period - Stopped by Devan Dubnyk without a rebound.
3:41 of 3rd period - Daultan Leveillé wins face-off versus Jarret Stoll in Thunder zone.
3:54 of 3rd period - Scott Parse is hit by Marc-André Gragnani.
4:15 of 3rd period - Snap shot by Ryan Nugent-Hopkins.
4:15 of 3rd period - Shot Misses the Net.
4:52 of 3rd period - Ryan Nugent-Hopkins is hit by Jarret Stoll and loses puck.
5:49 of 3rd period - Mike Hoffman is hit by Petr Kalus and loses puck.
5:56 of 3rd period - Marc-André Gragnani is hit by Zach Redmond and loses puck.
6:13 of 3rd period - Wrist shot by Mike Zigomanis.
6:13 of 3rd period - Goal by Mike Zigomanis - Thunder : 5 - Rafales : 2.
6:14 of 3rd period - Mike Zigomanis wins face-off versus Daultan Leveillé in neutral zone.
6:22 of 3rd period - Slapshot by David Fischer.
6:22 of 3rd period - Stopped by Leland Irving with a rebound.
6:24 of 3rd period - Slapshot by Joey Ryan.
6:24 of 3rd period - Stopped by Leland Irving with a rebound.
6:28 of 3rd period - Slapshot by Adam Hall.
6:28 of 3rd period - Stopped by Leland Irving with a rebound.
6:30 of 3rd period - Wrist shot by Adam Hall.
6:30 of 3rd period - Shot Misses the Net.
7:05 of 3rd period - Snap shot by Nathan Davis.
7:05 of 3rd period - Shot Misses the Net.
7:16 of 3rd period - Icing by Mark Fayne.
7:17 of 3rd period - Kevin Veilleux wins face-off versus Zach Stepan in Rafales zone.
7:24 of 3rd period - Wrist shot by Kevin Veilleux.
7:24 of 3rd period - Stopped by Devan Dubnyk with a rebound.
7:54 of 3rd period - Wrist shot by Cody McLeod.
7:54 of 3rd period - Stopped by Devan Dubnyk with a rebound.
8:10 of 3rd period - Snap shot by Jarret Stoll.
8:10 of 3rd period - Stopped by Devan Dubnyk without a rebound.
8:11 of 3rd period - Mike Zigomanis wins face-off versus Ryan Nugent-Hopkins in Thunder zone.
8:45 of 3rd period - Snap shot by Brian Ferlin.
8:45 of 3rd period - Shot Misses the Net.
8:59 of 3rd period - David Fischer is hit by Tim Crowder and loses puck.
9:12 of 3rd period - Snap shot by Dany Roussin.
9:12 of 3rd period - Deflect By Jared Staal.
9:12 of 3rd period - Shot Misses the Net.
9:12 of 3rd period - Puck is out of play.
9:13 of 3rd period - Mike Zigomanis wins face-off versus Daultan Leveillé in Rafales zone.
9:57 of 3rd period - Tim Crowder is hit by Brandon Saad and loses puck.
10:02 of 3rd period - Wrist shot by Austin Wuthrich.
10:02 of 3rd period - Shot Misses the Net.
10:04 of 3rd period - Wrist shot by Brandon Saad.
10:04 of 3rd period - Shot Misses the Net.
10:06 of 3rd period - Backhand shot by Gianluca Curcuruto.
10:06 of 3rd period - Stopped by Leland Irving with a rebound.
10:20 of 3rd period - Snap shot by Nathan Davis.
10:20 of 3rd period - Stopped by Devan Dubnyk without a rebound.
10:21 of 3rd period - Daultan Leveillé wins face-off versus Brian Ferlin in Thunder zone.
10:21 of 3rd period - Daultan Leveillé is hit by Dylan McIlrath.
10:30 of 3rd period - Icing by Marc-André Gragnani.
10:31 of 3rd period - Nathan Davis wins face-off versus Daultan Leveillé in Rafales zone.
10:42 of 3rd period - Dylan McIlrath is hit by Scott Parse and loses puck.
10:49 of 3rd period - Slapshot by Carl Klingberg.
10:49 of 3rd period - Goal by Carl Klingberg - Thunder : 5 - Rafales : 3.
10:50 of 3rd period - Mike Zigomanis wins face-off versus Daultan Leveillé in neutral zone.
10:56 of 3rd period - Minor Penalty to Adam Hall for Interference.
10:57 of 3rd period - Mike Zigomanis wins face-off versus Scott Parse in Thunder zone.
10:59 of 3rd period - Wrist shot by Cody McLeod.
10:59 of 3rd period - Goal by Cody McLeod - Thunder : 5 - Rafales : 4.
11:00 of 3rd period - Mike Zigomanis wins face-off versus Daultan Leveillé in neutral zone.
11:03 of 3rd period - Snap shot by Marc-André Gragnani.
11:03 of 3rd period - Deflect By Joey Ryan.
11:03 of 3rd period - Stopped by Devan Dubnyk without a rebound.
11:04 of 3rd period - Mike Zigomanis wins face-off versus Daultan Leveillé in Thunder zone.
11:21 of 3rd period - Scott Parse is hit by Cody McLeod and loses puck.
11:27 of 3rd period - Off-side.
11:28 of 3rd period - Ryan Nugent-Hopkins wins face-off versus Jarret Stoll in neutral zone.
11:39 of 3rd period - Jarret Stoll is hit by Ryan Nugent-Hopkins and loses puck.
11:54 of 3rd period - Thomas Spelling is hit by Brian Ferlin and loses puck.
12:08 of 3rd period - Brian Ferlin is hit by Mike Hoffman and loses puck.
12:23 of 3rd period - Slapshot by Mike Zigomanis.
12:23 of 3rd period - Stopped by Devan Dubnyk with a rebound.
12:31 of 3rd period - Snap shot by Cody McLeod.
12:31 of 3rd period - Stopped by Devan Dubnyk with a rebound.
12:51 of 3rd period - Slapshot by Kevin Veilleux.
12:51 of 3rd period - Shot Misses the Net.
13:01 of 3rd period - Jarret Stoll is hit by Austin Wuthrich and loses puck.
13:06 of 3rd period - Slapshot by Brandon Saad.
13:06 of 3rd period - Shot Misses the Net.
13:08 of 3rd period - Snap shot by Joey Ryan.
13:08 of 3rd period - Shot Misses the Net.
13:10 of 3rd period - Slapshot by Joey Ryan.
13:10 of 3rd period - Stopped by Leland Irving with a rebound.
13:12 of 3rd period - Wrist shot by Brandon Saad.
13:12 of 3rd period - Deflect By Austin Wuthrich.
13:12 of 3rd period - Stopped by Leland Irving with a rebound.
13:38 of 3rd period - Slapshot by Zach Redmond.
13:38 of 3rd period - Deflect By Thomas Spelling.
13:38 of 3rd period - Stopped by Leland Irving without a rebound.
13:39 of 3rd period - Nathan Davis wins face-off versus Joe Labate in Rafales zone.
13:44 of 3rd period - Backhand shot by Thomas Spelling.
13:44 of 3rd period - Stopped by Leland Irving with a rebound.
14:03 of 3rd period - Nathan Davis is hit by Mike Hoffman and loses puck.
14:12 of 3rd period - Joe Labate is hit by Nathan Davis and loses puck.
14:20 of 3rd period - Snap shot by Mike Hoffman.
14:20 of 3rd period - Shot Blocked by Nathan Davis.
14:36 of 3rd period - Backhand shot by Mike Hoffman.
14:36 of 3rd period - Shot Misses the Net.
14:38 of 3rd period - Wrist shot by Mike Hoffman.
14:38 of 3rd period - Shot Blocked by Connor Murphy.
14:46 of 3rd period - Slapshot by Connor Murphy.
14:46 of 3rd period - Shot Blocked by Mike Hoffman.
14:48 of 3rd period - Slapshot by Carl Klingberg.
14:48 of 3rd period - Stopped by Devan Dubnyk without a rebound.
14:49 of 3rd period - Mike Zigomanis wins face-off versus Daultan Leveillé in Thunder zone.
15:04 of 3rd period - Snap shot by Milan Bartovic.
15:04 of 3rd period - Stopped by Devan Dubnyk with a rebound.
15:23 of 3rd period - Wrist shot by Tim Crowder.
15:23 of 3rd period - Shot Misses the Net.
15:29 of 3rd period - Minor Penalty to Joey Ryan for Tripping.
15:30 of 3rd period - Scott Parse wins face-off versus Mike Zigomanis in Thunder zone.
16:41 of 3rd period - Zach Redmond is hit by Julian Melchiori.
17:29 of 3rd period - Penalty to Joey Ryan is over, Joey Ryan is back on ice.
17:35 of 3rd period - Ryan Nugent-Hopkins is hit by Nathan Davis and loses puck.
17:44 of 3rd period - Wrist shot by Carl Klingberg.
17:44 of 3rd period - Stopped by Devan Dubnyk with a rebound.
17:54 of 3rd period - Kevin Veilleux is hit by Austin Wuthrich and loses puck.
18:56 of 3rd period - Scott Parse is hit by Milan Bartovic and loses puck.
18:59 of 3rd period - Rafales, Leland Irving is pulled from the net.
19:04 of 3rd period - Off-side.
19:05 of 3rd period - Paul MacLean call a timeout for Rafales.
19:05 of 3rd period - Daultan Leveillé wins face-off versus Mike Zigomanis in neutral zone.
19:22 of 3rd period - Snap shot by Mike Zigomanis.
19:22 of 3rd period - Shot Blocked by David Fischer.
19:24 of 3rd period - Wrist shot by Mike Zigomanis.
19:24 of 3rd period - Stopped by Devan Dubnyk without a rebound.
19:25 of 3rd period - Daultan Leveillé wins face-off versus Mike Zigomanis in Thunder zone.
19:50 of 3rd period - Snap shot by Milan Bartovic.
19:50 of 3rd period - Stopped by Devan Dubnyk with a rebound.
19:52 of 3rd period - Slapshot by Connor Murphy.
19:52 of 3rd period - Shot Misses the Net.
Goals for this period are 2 for Thunder vs 3 for Rafales.
Shots for this period are 14 for Thunder vs 17 for Rafales.
Back to the Top